 Dungeon Crawl Stone Soup version 0.28.0 (webtiles) character file.

Game seed: 1391192510469129453

17277 BorgnjorsVileCrotch the Severer (level 12, -4/102 HPs)
             Began as a Deep Dwarf Fighter on Feb 12, 2022.
             Was a Believer of Elyvilon.
             Splashed by an acid blob's acid (11 damage)
             ... on level 1 of the Pits of Slime.
             The game lasted 00:16:37 (2565 turns).

BorgnjorsVileCrotch the Severer (DDFi)              Turns: 2565, Time: 00:16:37

Health: -4/102     AC: -2    Str: 24    XL:     12   Next: 17%
Magic:  8/8        EV:  4    Int: 10    God:    Elyvilon [**....]
Gold:   977        SH: 12    Dex: 12    Spells: 11/11 levels left

rFire   + . .      SeeInvis .   d - +0 broad axe (elec)
rCold   + . .      Faith    .   w - +2 buckler
rNeg    . . .      Spirit   .   m - +0 gold dragon scales
rPois   +          Reflect  +   q - +0 helmet
rElec   .          Harm     .   (no cloak)
rCorr   .          Rampage  .   u - +2 pair of gloves
Will    +....                   l - +2 pair of boots {Fly}
Stlth   ..........              e - amulet of reflection
HPRegen 0.00/turn               (no ring)
MPRegen 0.11/turn               (no ring)

@: corroded, flying
A: damage resistance, heal wounds, sense surroundings 2, no regeneration
a: Heal Wounds, Renounce Religion, Purification, Heal Other


You were on level 1 of the Pits of Slime.
You worshipped Elyvilon.
Elyvilon was pleased with you.
You visited 4 branches of the dungeon, and saw 20 of its levels.
You also visited: Bailey.

You collected 1052 gold pieces.
You spent 75 gold pieces at shops.

Inventory:

Hand Weapons
 a - a +1 war axe
 d - a +0 broad axe of electrocution (weapon)
   (You took it off an orc warrior in a bailey)
Missiles
 x - a throwing net (quivered) {!f}
 E - 9 curare-tipped darts
Armour
 l - a +2 pair of boots of flying (worn)
   (You found it in a bailey)
 m - +0 gold dragon scales (worn)
   (You found it in a bailey)
 q - a +0 helmet (worn)
   (You bought it in a shop on level 9 of the Dungeon)
 u - a +2 pair of gloves (worn)
   (You found it on level 9 of the Dungeon)
 w - a +2 buckler (worn)
   (You found it on level 11 of the Dungeon)
Jewellery
 e - an amulet of reflection (around neck)
   (You found it on level 2 of the Dungeon)
 s - a ring of poison resistance
   (You found it on level 9 of the Dungeon)
 G - a ring of willpower
   (You found it on level 4 of the Lair of Beasts)
Wands
 h - a wand of charming (11)
   (You found it on level 8 of the Dungeon)
 y - a wand of iceblast (7) {@v2}
   (You found it on level 11 of the Dungeon)
 z - a wand of flame (7) {@v4}
   (You found it on level 11 of the Dungeon)
Scrolls
 p - 4 scrolls of teleportation {@r3 !r}
 v - a scroll of blinking {@r4}
 C - a scroll of summoning {unknown}
 D - a scroll of holy word
 F - a scroll of immolation
Potions
 g - a potion of degeneration
 j - a potion of mutation
 k - 4 potions of flight
 n - 2 potions of heal wounds {@q2 !q}
 o - a potion of invisibility
 r - 3 potions of lignification {unknown}
 t - a potion of brilliance
 A - a potion of haste {@q4 !q}
 B - a potion of berserk rage
 H - a potion of might {@q3 !q}


   Skills:
 + Level 4.8 Fighting
 * Level 17.3 Axes
 + Level 9.5 Armour
 + Level 5.8 Shields
 - Level 8.3 Invocations


You had 11 spell levels left.
You didn't know any spells.
Your spell library was empty.

Dungeon Overview and Level Annotations

Branches:
Dungeon (12/15)              Lair (6/6) D:9           Slime (1/5) Lair:5
    Orc (1/2) D:11         Bailey (visited)
 Temple: D:4-7        Swamp: Lair:2-4    Shoals: Lair:2-4     Snake: Lair:2-4
 Spider: Lair:2-4

Altars:
Cheibriados
Elyvilon
Fedhas
Gozag
Zin
The Shining One

Shops:
D:4 :   D:9 **

Portals:
Trove: D:12 (give +4 fire dragon scales)

Annotations:
D:6 Edmund, Menkaure
Lair:1 1 transporter, Findor's ghost, journeyman BaFi
Lair:5 exclusion: 2 oklob plants


Innate Abilities, Weirdness & Mutations

You are resistant to damage.
You can heal yourself by infusing magical energy.
You passively map the area around you.
You do not regenerate.


Message History

The water moccasin barely misses you.
You miss the water moccasin.
The water moccasin is moderately wounded.
The water moccasin bites you but does no damage.
You block the water moccasin's attack.
You hit the water moccasin.
The water moccasin is moderately wounded.
The water moccasin bites you!
You hit the water moccasin but do no damage.
The water moccasin is moderately wounded.
You block the water moccasin's attack.
You miss the water moccasin.
The water moccasin is moderately wounded.
The water moccasin bites you but does no damage.
You feel much better. The water moccasin barely misses you.
You closely miss the water moccasin.
The water moccasin is moderately wounded.
You block the water moccasin's attack.
You closely miss the water moccasin.
The water moccasin is moderately wounded.
You block the water moccasin's attack.
You hit the water moccasin.
The water moccasin is moderately wounded.
You block the water moccasin's attack. The water moccasin bites you!
You slash the water moccasin!
The water moccasin is severely wounded.
You block the water moccasin's attack.
You hit the water moccasin but do no damage.
Lightning courses through the water moccasin!
You kill the water moccasin!
You see here a water moccasin corpse.
There is a staircase back to the Lair, spattered with blood here.
You drop a +0 scale mail.
You drop a +0 buckler.
You drop a +0 pair of gloves.
You drop a +0 plate armour.
Okay, then.
An acid blob comes into view.
The acid blob quivers.
You feel much better.
Okay, then.
Press: ? - help, Dir - move target, f - you
Okay, then.
Okay, then.
Okay, then.
The acid blob jiggles.
The acid blob spits acid at you. The splash of acid hits you!!
The acid corrodes you!
You can now provide healing for yourself.
The acid blob spits acid at you. The splash of acid hits you!
The acid corrodes you! The acid blob barely misses you.
The acid blob hits you!!!
* * * LOW HITPOINT WARNING * * *
The acid corrodes you!
You are splashed with acid.
* * * LOW HITPOINT WARNING * * *
There is a stone staircase leading down, spattered with blood here.
You are healed.
You can no longer provide healing for yourself.
The acid blob hits you.
You are splashed with acid!
You slice the acid blob!!
Your hands burn!
The acid blob is lightly wounded.
You block the acid blob's attack.
Okay, then.
You feel much better. You block the acid blob's attack.
You slash the acid blob!
Your hands burn!
The acid blob is moderately wounded.
The acid blob spits acid at you. The splash of acid hits you!!
You feel much better. The acid blob hits you.
You are splashed with acid!
You slash the acid blob!
Lightning courses through the acid blob!
Your hands burn!
The acid blob is heavily wounded.
The acid blob hits you!
You are splashed with acid!
You hit the acid blob but do no damage.
Your hands burn!
The acid blob is heavily wounded.
The acid blob hits you!!
You are splashed with acid!
* * * LOW HITPOINT WARNING * * *
Your magical essence is drained by the effort!
You feel much better. The acid blob hits you!
You are splashed with acid.
You feel much better. The acid blob hits you!!!
* * * LOW HITPOINT WARNING * * *
The acid corrodes you!
You are splashed with acid!
* * * LOW HITPOINT WARNING * * *
You completely miss the acid blob.
The acid blob is heavily wounded.
You block the acid blob's attack.
You feel much better. The acid blob hits you!
* * * LOW HITPOINT WARNING * * *
You are splashed with acid!
* * * LOW HITPOINT WARNING * * *
You feel much better. The acid blob hits you!!
* * * LOW HITPOINT WARNING * * *
The acid corrodes you!
You are splashed with acid!
* * * LOW HITPOINT WARNING * * *
The acid blob hits you!!! Elyvilon protects you from harm!
You are splashed with acid!
You die...

#### * *#######..## .
##.#.......## , .
..#...........###*.#
* ,
................#...
, *
,...................#
,
............†......#*
,
,.#......J...<.....#.
* * , , *
.......@....†...##..,
* *
.................# ,,
..##................
, *
.,..................
,,,
,#............##.....
....................
, ,
,....................
, ..............#, ,
, * ,, ,, , * ,,,


You could see an acid blob.

Vanquished Creatures
  A deep elf pyromancer (D:12)
  2 orc knights
  A cyclops (D:12)
  4 elephants (Lair:5)
  2 black mambas (Lair:5)
  4 cane toads
  4 kobold demonologists
  A rime drake (Lair:5)
  7 komodo dragons
  5 trolls
  4 blink frogs (Lair:1)
  A slime creature (D:11)
  7 dream sheep (Lair:5)
  2 wraiths (D:11)
  18 yaks
  A wyvern (Slime:1)
  A vampire mosquito (Lair:5)
  An acid dragon (D:12)
  5 water moccasins
  8 orc warriors
  A sky beast (D:7)
  3 black bears (D:9)
  4 wolves (Lair:5)
  2 centaurs
  4 bullfrogs
  A wyvern skeleton (D:7)
  3 centaur zombies (D:9)
  4 orc priests
  A gnoll shaman (D:10)
  A hound (D:6)
  2 orc wizards (D:10)
  A killer bee zombie (D:8)
  2 howler monkey zombies
  6 gnolls
  2 adders
  A white imp (D:7)
  A worm (D:2)
  17 orcs
  2 endoplasms
  A giant cockroach (D:2)
  7 goblins
  5 hobgoblins
  A ball python (D:2)
  A bat (D:2)
  A frilled lizard (D:1)
  8 kobolds
161 creatures vanquished.

Vanquished Creatures (others)
  11 fungi
  43 plants
54 creatures vanquished.

Grand Total: 215 creatures vanquished

Notes
Turn   | Place    | Note
-------+----------+-------------------------------------------
     0 | D:1      | BorgnjorsVileCrotch the Deep Dwarf Fighter began the quest
                  | for the Orb.
     0 | D:1      | Reached XP level 1. HP: 20/20 MP: 1/1
    39 | D:2      | Reached skill level 3 in Axes
    46 | D:2      | Reached XP level 2. HP: 18/27 MP: 2/2
   112 | D:2      | Found a faded altar of an unknown god.
   126 | D:2      | Prayed at the altar of an unknown god.
   126 | D:2      | Became a worshipper of Elyvilon the Healer
   126 | D:2      | Reached * piety under Elyvilon
   133 | D:2      | You fall into a shaft and drop 2 floors!
   136 | D:4      | Found an opulent altar of Gozag.
   147 | D:4      | Reached skill level 4 in Axes
   147 | D:4      | Reached XP level 3. HP: 27/33 MP: 3/3
   165 | D:4      | Found Quotz's Book Emporium.
   169 | D:5      | Entered Level 5 of the Dungeon
   183 | D:5      | Your magical essence is drained by the effort!
   188 | D:5      | Reached skill level 1 in Invocations
   188 | D:5      | Reached XP level 4. HP: 29/40 MP: 2/4
   196 | D:5      | Reached skill level 2 in Invocations
   239 | D:6      | Reached skill level 5 in Axes
   300 | D:7      | Reached skill level 3 in Invocations
   301 | D:7      | Reached XP level 5. HP: 21/46 MP: 6/6
   318 | D:8      | Reached skill level 6 in Axes
   327 | D:8      | Found a glowing golden altar of the Shining One.
   327 | D:8      | Found a glowing silver altar of Zin.
   392 | D:8      | Found a flagged portal.
   410 | Bailey   | Entered a bailey
   410 | Bailey   | Reached ** piety under Elyvilon
   416 | Bailey   | Noticed an orc warrior
   428 | Bailey   | Noticed an orc warrior
   429 | Bailey   | Noticed an orc knight
   461 | Bailey   | HP: 2/46 [orc knight (25)]
   487 | Bailey   | Killed an orc knight
   488 | Bailey   | Reached skill level 8 in Axes
   488 | Bailey   | Reached XP level 6. HP: 55/55 MP: 7/7
   488 | Bailey   | Reached XP level 7. HP: 61/61 MP: 8/8
   497 | Bailey   | Reached skill level 9 in Axes
   528 | Bailey   | Your magical essence is drained by the effort!
   579 | Bailey   | Your magical essence is drained by the effort!
   583 | Bailey   | Reached skill level 10 in Axes
   583 | Bailey   | Reached XP level 8. HP: 22/68 MP: 7/7
   598 | Bailey   | Your magical essence is drained by the effort!
   693 | D:8      | Your magical essence is drained by the effort!
   783 | D:6      | Noticed a boulder beetle
   826 | D:7      | Reached skill level 11 in Axes
   868 | D:7      | Found a blossoming altar of Fedhas.
   931 | D:6      | Noticed Menkaure
   931 | D:6      | Noticed Edmund
   972 | D:8      | Found a snail-covered altar of Cheibriados.
  1008 | D:9      | Reached skill level 12 in Axes
  1015 | D:9      | Gained mutation: You passively map the area around you.
                  | [Deep Dwarf growth]
  1015 | D:9      | Reached XP level 9. HP: 39/74 MP: 6/6
  1040 | D:9      | Found Rioluor's General Store.
  1044 | D:9      | Found Ozxed's Specific Store.
  1052 | D:9      | Bought a scroll of teleportation for 30 gold pieces
  1052 | D:9      | Bought a +0 helmet for 45 gold pieces
  1076 | D:9      | Reached skill level 13 in Axes
  1084 | D:9      | Reached skill level 4 in Armour
  1126 | D:9      | Reached *** piety under Elyvilon
  1147 | D:10     | Entered Level 10 of the Dungeon
  1173 | D:12     | Noticed a cyclops
  1183 | D:11     | Reached skill level 5 in Armour
  1223 | D:9      | Noticed a kobold demonologist
  1223 | D:9      | Noticed a kobold demonologist
  1223 | D:9      | Noticed a kobold demonologist
  1223 | D:9      | Noticed a kobold demonologist
  1226 | D:9      | Killed a kobold demonologist
  1227 | D:9      | Reached skill level 14 in Axes
  1227 | D:9      | Reached skill level 4 in Invocations
  1229 | D:9      | Noticed a soul eater
  1232 | D:10     | Killed a kobold demonologist
  1235 | D:10     | Noticed an ice devil
  1239 | D:10     | Killed a kobold demonologist
  1240 | D:10     | Reached skill level 6 in Armour
  1240 | D:10     | Reached skill level 5 in Invocations
  1240 | D:10     | Reached XP level 10. HP: 50/81 MP: 6/8
  1243 | D:10     | Noticed an orange demon
  1322 | D:11     | Found a staircase to the Orcish Mines.
  1325 | D:12     | Found a portal to a secret trove of treasure.
  1335 | D:12     | Your magical essence is drained by the effort!
  1339 | D:12     | Your magical essence is drained by the effort!
  1371 | D:12     | Noticed a cyclops
  1376 | D:12     | Killed a cyclops
  1387 | D:12     | Reached skill level 6 in Invocations
  1432 | D:12     | Noticed a deep elf pyromancer
  1446 | D:12     | Killed a deep elf pyromancer
  1447 | D:12     | Reached skill level 15 in Axes
  1483 | D:11     | Your magical essence is drained by the effort!
  1487 | D:11     | Reached skill level 7 in Armour
  1515 | Orc:1    | Entered Level 1 of the Orcish Mines
  1515 | Orc:1    | Noticed an orc knight
  1522 | Orc:1    | Noticed an ettin
  1536 | D:11     | Your magical essence is drained by the effort!
  1545 | D:11     | Killed an orc knight
  1546 | D:11     | Reached skill level 7 in Invocations
  1844 | D:9      | Reached XP level 11. HP: 58/88 MP: 7/7
  1854 | D:9      | Found a staircase to the Lair.
  1866 | Lair:1   | Entered Level 1 of the Lair of Beasts
  1905 | Lair:1   | Reached skill level 8 in Armour
  1905 | Lair:1   | Reached skill level 8 in Invocations
  1907 | Lair:1   | Found a transporter.
  1909 | Lair:1   | Noticed Findor's ghost (journeyman BaFi)
  1921 | Lair:1   | Reached skill level 16 in Axes
  2099 | Lair:4   | Reached skill level 3 in Fighting
  2119 | Lair:6   | Entered Level 6 of the Lair of Beasts
  2148 | Lair:6   | Noticed a death yak
  2148 | Lair:6   | Noticed a death yak
  2149 | Lair:6   | Noticed a death yak
  2152 | Lair:6   | Noticed a goliath frog
  2176 | Lair:5   | Reached skill level 4 in Shields
  2235 | Lair:5   | Reached skill level 9 in Armour
  2246 | Lair:5   | Reached skill level 4 in Fighting
  2282 | Lair:5   | Reached skill level 5 in Shields
  2289 | Lair:5   | Reached skill level 17 in Axes
  2397 | Lair:5   | Reached XP level 12. HP: 64/100 MP: 9/9
  2503 | Lair:5   | Found a staircase to the Slime Pits.
  2513 | Slime:1  | Entered Level 1 of the Pits of Slime
  2545 | Slime:1  | Noticed an acid blob
  2561 | Slime:1  | Your magical essence is drained by the effort!
  2565 | Slime:1  | Elyvilon protects you from harm!
  2565 | Slime:1  | Splashed by an acid blob's acid

Illustrated notes

Levels and vault maps discovered:
D:1:      doesnt_arrival_eight_statues, layout_rooms, minivault_23,
          serial_bayou_pond_b
D:2:      layout_rooms, ebering_ecumenical_altar_sacrificial, basic_altar,
          amcnicky_mini_pool_small, uniq_robin
D:3:      layout_loops_cross, wad_floor_pattern_1, corexii_hall_statues_u,
          corexii_shack, uniq_grinder, uniq_jessica
D:4:      wander_river, layout_cave_pools, grunt_gozag_breadcrumbs,
          serial_shops, kennysheep_mini_moat
D:5:      layout_basic, minmay_overflow_temple_star_hex, minmay_door_square,
          chequers_garden, uniq_pikel, uniq_sigmund
D:6:      layout_rooms, uniq_edmund, uniq_menkaure, uniq_maggie
D:7:      layout_cave_pools, fedhas_altar_2, minmay_temple_entry_mini_moons
D:8:      layout_loops_ring, chequers_temple_overflow_statue_of_worship,
          cheibriados_altar_1, enter_bailey_4, minivault_24
D:9:      layout_layer_cave, grunt_lair_entry_orc_guard_hut,
          nicolae_specific_store, minmay_misc_feat_square
D:10:     layout_rooms
D:11:     layout_cave_pods, orc_0_dummy, st_stairs_3
D:12:     layout_roguey, enter_trove_0, uniq_urug
Lair:1:   layout_hall_layers, gammafunk_ghost_berserking_beasts
Lair:2:   layout_misc_corridors, elwin_shoals_entry_rooms,
          minmay_snake_entry_guardpost_small, serial_bayou_shore_a
Lair:3:   layout_roguey, minivault_11
Lair:4:   layout_layer_cave, wad_woods_river_01, grunt_megastairs_3, uniq_kirke
Lair:5:   layout_cellular_growth, minmay_slime_entry_oklob_open,
          lemuel_fruit_tree, infiniplex_staircase_pool_2
Lair:6:   minmay_lair_end_frog_pond, layout_loops_ring
Slime:1:  layout_caves
Orc:1:    layout_diamond_mine, serial_shops, shop, basic_altar

Skill      XL: |  1  2  3  4  5  6  7  8  9 10 11 |
---------------+----------------------------------+-----
Axes           | 3 4 5 8 10 12 14 15 17 | 17.3
Invocations    | 1 3 5 7 8 |  8.3
Armour         | 6 7 9 |  9.5
Fighting       | 4 |  4.8
Shields        | 5 |  5.8

Action                   |  1- 3 |  4- 6 |  7- 9 | 10-12 || total
-------------------------+-------+-------+-------+-------++-------
Melee: War axe           |    43 |    80 |     7 |       ||   130
       Broad axe         |       |       |   210 |   410 ||   620
Invok: Heal Self         |       |       |     2 |    17 ||    19
 Abil: Heal Wounds       |     2 |    14 |    15 |    24 ||    55
Evoke: Wand              |       |       |     1 |       ||     1
  Use: Scroll            |       |     3 |     6 |     7 ||    16
       Potion            |       |     2 |       |       ||     2
Armor: Scale mail        |    21 |    16 |     1 |       ||    38
       Plate armour      |       |       |    19 |       ||    19
       Gold dragon scale |       |       |   123 |   303 ||   426
Dodge: Dodged            |    24 |    31 |    22 |    72 ||   149
Block: Buckler           |     9 |    52 |   125 |   301 ||   487
       Reflection        |       |     7 |     3 |     1 ||    11
